 Dungeon Crawl Stone Soup version 0.29-a0-962-gc8bbfd0a37 (webtiles) character file.

Game seed: 5413870337140360686

9 spaghetti the Caller (level 2, -5/24 HPs)
             Began as an Ogre Summoner on July 31, 2022.
             Slain by a hobgoblin
             ... wielding a +0 hand axe
              (7 damage)
             ... on level 1 of the Dungeon.
             The game lasted 00:00:57 (525 turns).

spaghetti the Caller (Ogre Summoner)                 Turns: 525, Time: 00:00:58

Health: -5/24      AC:  3    Str: 11    XL:     2   Next: 12%
Magic:  1/5        EV:  9    Int: 16    God:
Gold:   10         SH:  0    Dex:  9    Spells: 5/6 levels left

rFire   . . .      SeeInvis .   (no weapon)
rCold   . . .      Faith    .   (no shield)
rNeg    . . .      Spirit   .   a - +0 robe
rPois   .          Reflect  .   (helmet restricted)
rElec   .          Harm     .   (no cloak)
rCorr   .          Rampage  .   (gloves unavailable)
Will    .....                   (boots unavailable)
Stlth   +.........              (no amulet)
HPRegen 0.08/turn               (no ring)
MPRegen 0.09/turn               (no ring)

@: attractive
A: large, unfitting armour, tough skin 1
a: no special abilities


You were on level 1 of the Dungeon.
You visited 1 branch of the dungeon, and saw 1 of its levels.

You collected 10 gold pieces.


Innate Abilities, Weirdness & Mutations

You are too large for most types of armour.
You have tough skin. (AC +1)


   Skills:
 - Level 1.7 Dodging
 - Level 1.4 Stealth
 + Level 2.9 Spellcasting
 + Level 3.8 Summonings


You had 5 spell levels left.
You knew the following spells:

 Your Spells              Type           Power      Damage    Failure   Level
a - Summon Small Mammal   Summ           56%        N/A       3%          1

Your spell library contained the following spells:

 Spells                   Type           Power      Damage    Failure   Level
 Call Imp                 Summ           14%        N/A       6%          2
 Call Canine Familiar     Summ           14%        N/A       12%         3
 Summon Guardian Golem    Hex/Summ       8%         N/A       26%         3
 Summon Lightning Spire   Summ/Air       8%         N/A       65%         4

Inventory:

Hand Weapons
 d - a +0 dagger {short}
   (You took it off a kobold on level 1 of the Dungeon)
 g - a +0 dagger {short}
   (You found it on level 1 of the Dungeon)
 h - a +0 dagger {short}
   (You took it off a goblin on level 1 of the Dungeon)
Missiles
 c - 5 stones {throwing}
 f - 5 datura-tipped darts {throwing}
Armour
 a - a +0 robe (worn)
Potions
 b - 2 potions of magic

Dungeon Overview and Level Annotations

Branches:
Dungeon (1/15) Zot: 5472

Altars:

#....#........##..#
......#........##..#
#..##########.######..#
..# #..# #..# ###
######'### #.... #
#........###...# ##
......[.†.......# ≈#
##......g.####..# ≈#
#######r@......# .#
#...###.## ##
#.#........ .##
#.#.###.### ≈≈# ..#..
≈≈# #####.# ≈## .# ≈≈#
.. .≈# ..


You could see a hobgoblin (fast, ally target) and a friendly quokka (summoned).


Message History

Casting: Summon Small Mammal (safe; 3% risk of failure)
Confirm with . or Enter, or press ? or * to list all spells.
The hobgoblin shouts!
The hobgoblin barely misses you. 😮 MP[-1]
You lost 1 mp, and now have 4/5 mp.
Casting: Summon Small Mammal (safe; 3% risk of failure)
Confirm with . or Enter, or press ? or * to list all spells.
Your bat barely misses the hobgoblin.
The hobgoblin hits you with a +0 hand axe!
* * * LOW HITPOINT WARNING * * *
The hobgoblin hits your bat with a +0 hand axe.
Your bat dies!
Your bat's corpse disappears in a puff of smoke! 😱 HP[-7] MP[-1]
You take 7 damage, and now have 6/24 hp.
MASSIVE DAMAGE!! (PAUSE)
You lost 1 mp, and now have 3/5 mp.
Unknown command.
Casting: Summon Small Mammal (safe; 3% risk of failure)
Confirm with . or Enter, or press ? or * to list all spells.
The hobgoblin barely misses you.
The hobgoblin hits your quokka with a +0 hand axe!
Your quokka dies!
Your quokka's corpse disappears in a puff of smoke! 😱 MP[-1]
You lost 1 mp, and now have 2/5 mp.
Unknown command.
Unknown command.
Unknown command.
Casting: Summon Small Mammal (safe; 3% risk of failure)
Confirm with . or Enter, or press ? or * to list all spells.
Your bat hits the hobgoblin but does no damage.
The hobgoblin drinks a potion.
The hobgoblin seems to speed up. 😱 MP[-1]
You lost 1 mp, and now have 1/5 mp.
Unknown command.
Press: ? - help, v - describe, . - travel
Here: a hobgoblin, wielding a +0 hand axe (fast, ally target)
The floor.
It was a potion of attraction.
You feel attractive to monsters.
Your bat hits the hobgoblin. The hobgoblin closely misses you.
The hobgoblin completely misses your bat.
The hobgoblin hits you but does no damage.
Unknown command.
Unknown command.
Unknown command.
You aren't carrying any scrolls.
Unknown command.
Okay, then.
You aren't carrying any scrolls.
Unknown command.
You aren't carrying any items that you can evoke.
Throw: 5 darts (datura) {throwing}
Press: ? - help, Shift-Dir - straight line, f - hobgoblin
Aim: a hobgoblin, wielding a +0 hand axe (moderately wounded, fast, ally target, 52% to hit, chance to frenzy on hit: 100%)
Okay, then.
Okay, then.
Unknown command.
You completely miss the hobgoblin.
Your bat hits the hobgoblin but does no damage.
The hobgoblin hits you with a +0 hand axe.
* * * LOW HITPOINT WARNING * * *
The hobgoblin hits your bat with a +0 hand axe!
Your bat dies!
Your bat's corpse disappears in a puff of smoke! 😱 HP[-2]
You take 2 damage, and now have 4/24 hp.
Unknown command.
Unknown command.
You barely miss the hobgoblin. The hobgoblin barely misses you.
The hobgoblin barely misses your quokka.
Your quokka misses the hobgoblin. The hobgoblin closely misses you.
The hobgoblin hits your quokka with a +0 hand axe.
Your quokka dies!
Your quokka's corpse disappears in a puff of smoke!
Unknown command.
Unknown command.
Unknown command.
Casting: Summon Small Mammal (safe; 3% risk of failure)
Confirm with . or Enter, or press ? or * to list all spells.
The hobgoblin closely misses you. 😱 HP[+1] MP[-1]
You lost 1 mp, and now have 0/5 mp.
Unknown command.
Unknown command.
You hit the hobgoblin.
The hobgoblin hits you with a +0 hand axe.
* * * LOW HITPOINT WARNING * * *
The hobgoblin closely misses you. 😱 HP[-3]
You take 3 damage, and now have 2/24 hp.
Unknown command.
Unknown command.
You hit the hobgoblin. The hobgoblin barely misses you.
You hit the hobgoblin but do no damage.
The hobgoblin hits you with a +0 hand axe!
You die...

Action                   || total
-------------------------++-------
Melee: Unarmed           ||    27
       Punch             ||     1
 Cast: Summon Small Mamm ||    15
  Use: Potion            ||     1
 Stab: Distracted        ||     1
Armor: Robe              ||     2
Dodge: Dodged            ||    19

Levels and vault maps discovered:
D:1:      lemuel_arrival_muddy, layout_basic,
          ebering_ecumenical_altar_abandoned, serial_park_tiny_2

Notes
Turn   | Place    | Note
-------+----------+-------------------------------------------
     0 | D:1      | spaghetti the Ogre Summoner began the quest for the Orb.
     0 | D:1      | Reached XP level 1. HP: 16/16 MP: 3/3
     0 | D:1      | magus.rc [v1.9.6]
   487 | D:1      | Reached XP level 2. HP: 17/24 MP: 2/5
   516 | D:1      | HP: 6/24 [hobgoblin/+0 hand axe (7)]
   523 | D:1      | HP: 2/24 [hobgoblin/+0 hand axe (3)]
   525 | D:1      | Slain by a hobgoblin

Vanquished Creatures
  A quokka (D:1)
1 creature vanquished.

Vanquished Creatures (collateral kills)
  2 endoplasms (D:1)
  A goblin (D:1)
  A hobgoblin (D:1)
  A quokka (D:1)
  A kobold (D:1)
6 creatures vanquished.

Grand Total: 7 creatures vanquished

Table legend:
 A = Non-vault XP
 B = Vault XP
 C = Vault XP percentage of total XP
 D = Non-vault monster count
 E = Vault monster count
 F = Vault count percentage of total count
                 A         B        C        D         E       F
            +---------+---------+-------+---------+---------+-------
      Total |      13 |       0 |   0.0 |       7 |       0 |   0.0
            +---------+---------+-------+---------+---------+-------
        D:1 |      13 |       0 |   0.0 |       7 |       0 |   0.0
            +---------+---------+-------+---------+---------+-------

Illustrated notes

Table legend:
 A = Kills in this place as a percentage of kills in entire the game.
 B = Kills by you in this place as a percentage of kills by you in the entire game.
 C = Kills by friends in this place as a percentage of kills by friends in the entire game.
 D = Other kills in this place as a percentage of other kills in the entire game.
 E = Experience gained in this place as a percentage of experience gained in the entire game.
 F = Experience gained in this place divided by the number of levels of this place that you have seen.
                   A       B       C       D       E      F
               +-------+-------+-------+-------+-------+----------------------
         Total | 100.0 | 100.0 | 100.0 |   N/A | 100.0 |  13.0
       Dungeon | 100.0 | 100.0 | 100.0 |   N/A | 100.0 |  13.0
               +-------+-------+-------+-------+-------+----------------------

Table legend: (Time is in decaauts)
 A = Elapsed time spent in this place.
 B = Non-inter-level travel time spent in this place.
 C = Inter-level travel time spent in this place.
 D = Time resting spent in this place.
 E = Time spent auto-exploring this place.
 F = Levels seen in this place.
 G = Mean time per level.
                   A        B        C        D        E       F      G
               +--------+--------+--------+--------+--------+-----+--------+
         Total |    526 |    526 |      0 |      0 |    459 |   1 |  526.0 |
       Dungeon |    526 |    526 |      0 |      0 |    459 |   1 |  526.0 |
               +--------+--------+--------+--------+--------+-----+--------+

Top non-repeatable levels by time:
     D:1: 526 daAuts
